 Dungeon Crawl Stone Soup version 0.17.1-3-g152610e (webtiles) character file.

463799 Alarkh the Severer (level 23, -10/171 HPs)
             Began as a Mummy Skald on Apr 16, 2016.
             Was an Initiate of Gozag.
             Mangled by a yaktaur captain (13 damage)
             ... on level 3 of the Depths.
             The game lasted 03:24:38 (65323 turns).

Alarkh the Severer (Mummy Skald)                   Turns: 65323, Time: 03:24:38

Health: -10/171    AC: 11    Str: 17    XL:     23   Next: 12%
Magic:  40/40      EV: 20    Int: 24    God:    Gozag
Gold:   2429       SH:  0    Dex: 18    Spells: 10 memorised, 14 levels left

rFire  + + .     SeeInvis +     a - +7 battleaxe of the Spinneret {vamp, rPois rF+ MR+ Int+4}
rCold  + . .     Clarity  .     d - +3 salamander hide armour {+Rage rF++}
rNeg   + + +     SustAt   .     (shield currently unavailable)
rPois  ∞         Gourm    .     v - +0 mask of the Dragon {MR+ Slay+3 SInv}
rElec  .         Spirit   .     B - +2 cloak {MR+}
rCorr  .         Warding  .     o - +2 pair of gloves of the Game of Kings {MR+ Dex+7 Slay+3}
rMut   .         Stasis   .     t - +2 pair of boots {Fly}
MR     +++++                    r - amulet of regeneration
Stlth  ++++......               U - +2 ring of protection
                                f - +2 ring of evasion

@: corroded equipment, flying, almost entirely resistant to hostile
enchantments, stealthy
A: no food or potions, fire vulnerability, cold resistance 1, negative energy
resistance 3, torment resistance, unbreathing, in touch with death 1, restore
body
a: Self-Restoration, Potion Petition, Call Merchant, Bribe Branch, Renounce
Religion, Stop Flying
}: 3/15 runes: barnacled, abyssal, gossamer


You were on level 3 of the Depths.
You worshipped Gozag.
Gozag was noncommittal.
You were not hungry.

You visited 8 branches of the dungeon, and saw 45 of its levels.
You visited the Abyss 1 time.
You also visited: Labyrinth, Trove and Wizlab.

You collected 26035 gold pieces.
You spent 5581 gold pieces at shops.
You paid 17969 gold pieces to Gozag.

Inventory:

Hand Weapons
 a - the +7 battleaxe of the Spinneret (weapon) {vamp, rPois rF+ MR+ Int+4}
   (You bought it in a shop on level 1 of the Lair of Beasts)

   It inflicts no extra harm, but heals its wielder somewhat when it strikes a
   living foe.
   It affects your intelligence (+4).
   It protects you from fire.
   It protects you from poison.
   It affects your resistance to hostile enchantments.
 b - the +6 battleaxe of Jyteysye {antimagic, +Fly rC+++ MR- Str-3}
   (You bought it in a shop on level 1 of the Lair of Beasts)

   It disrupts the flow of magical energy around spellcasters and certain
   magical creatures (including the wielder).
   It affects your strength (-3).
   It renders you almost immune to cold.
   It affects your resistance to hostile enchantments.
   It lets you fly.
 c - the +7 broad axe "Zoceis" {flame, +Inv rN+ Dex+4}
   (You found it on level 9 of the Dungeon)

   It has been specially enchanted to burn those struck by it, causing extra
   injury to most foes and up to half again as much damage against particularly
   susceptible opponents.
   Big, fiery blades are also staple armaments of hydra-hunters.
   It affects your dexterity (+4).
   It protects you from negative energy.
   It lets you turn invisible.
Missiles
 i - 10 throwing nets (quivered)
Armour
 d - the +3 salamander hide armour (worn) {+Rage rF++}
   (You bought it in a shop on level 1 of the Lair of Beasts)

   It greatly protects you from fire.
   It lets you go berserk.
 o - the +2 pair of gloves of the Game of Kings (worn) {MR+ Dex+7 Slay+3}
   (You found it in a treasure trove)

   It affects your dexterity (+7).
   It affects your accuracy and damage with ranged weapons and melee attacks
   (+3).
   It affects your resistance to hostile enchantments.
 t - a +2 pair of boots of flying (worn)
 v - the +0 mask of the Dragon (worn) {MR+ Slay+3 SInv}
   (You bought it in a shop on level 1 of the Lair of Beasts)

   It affects your accuracy and damage with ranged weapons and melee attacks
   (+3).
   It affects your resistance to hostile enchantments.
   It lets you see invisible.
 B - a +2 cloak of magic resistance (worn)
 D - the +1 leather armour of the Falcon {rElec rPois rF++}
   (You found it on level 1 of the Vaults)

   It greatly protects you from fire.
   It insulates you from electricity.
   It protects you from poison.
Rods
 x - a +6 rod of the swarm (10/10)
   (You found it in a labyrinth)
Jewellery
 f - a +2 ring of evasion (left hand)
 j - an uncursed amulet of clarity
 p - an uncursed amulet of resist mutation
 q - an uncursed ring of sustain attributes
 r - an amulet of regeneration (around neck)
 K - an uncursed amulet of resist corrosion
 M - the ring of Yendor {+/*Tele Str+2 Dex+2}
   (You found it on level 3 of the Elven Halls)

   [ring of teleportation]

   It may teleport you next to monsters, and can be evoked to randomly teleport.
   It affects your strength (+2).
   It affects your dexterity (+2).
 U - a +2 ring of protection (right hand)
Wands
 h - a wand of heal wounds (3)
 k - a wand of hasting (1)
 s - a wand of disintegration (8)
 y - a wand of digging (4)
 H - a wand of invisibility (4)
 P - a wand of heal wounds (2)
Scrolls
 e - 3 scrolls of torment
 g - 5 scrolls of summoning
 m - a scroll of enchant weapon
 n - 8 scrolls of magic mapping
 u - a scroll of blinking
 C - 4 scrolls of fog
 F - 5 scrolls of fear
 I - 11 scrolls of remove curse
 L - 4 scrolls of recharging
Books
 w - a book of the Warp

   Spells                             Type                      Level
   a - Recall                         Summoning/Translocation      3
   b - Gell's Gravitas                Hexes/Translocation          3
   c - Force Lance                    Conjuration/Translocation    4
   d - Phase Shift                    Translocation                5
   e - Warp Weapon                    Charms/Translocation         5
   f - Summon Forest                  Summoning/Translocation      5
Miscellaneous
 l - a legendary deck of defence {the Potion}
 z - a plain deck of changes
 G - an ornate deck of summoning {drawn: 7}
 O - a legendary deck of defence {the Tomb}
 T - a phial of floods
 W - 2 phantom mirrors
 Y - an ornate deck of summoning {the Rangers, drawn: 1}


   Skills:
 - Level 12.0 Fighting
 - Level 20.0 Axes
 - Level 9.0 Armour
 - Level 9.0 Dodging
 - Level 9.0 Stealth
 + Level 13.2 Spellcasting
 + Level 12.2 Charms
 + Level 8.6 Summonings
 * Level 13.6 Air Magic
 - Level 8.0 Evocations


You had 14 spell levels left.
You knew the following spells:

 Your Spells              Type           Power        Failure   Level  Hunger
a - Shroud of Golubria    Chrm/Tloc      #####.....   1%          2    N/A
b - Song of Slaying       Chrm           ######..     1%          2    N/A
c - Spectral Weapon       Hex/Chrm       #####...     1%          3    N/A
d - Deflect Missiles      Chrm/Air       ######....   3%          6    N/A
e - Infusion              Chrm           ######       1%          1    N/A
f - Airstrike             Air            ######....   1%          4    N/A
g - Aura of Abjuration    Summ           ######....   4%          5    N/A
h - Summon Butterflies    Summ           ######..     1%          1    N/A
i - Apportation           Tloc           ###.......   6%          1    N/A
z - Tornado               Air            ######....   100%        9    N/A

Dungeon Overview and Level Annotations

Branches:
Dungeon (15/15)            Temple (0/1) D:7            Lair (8/8) D:8
 Shoals (4/4) Lair:3       Spider (4/4) Lair:5        Slime (0/6) Lair:6
    Orc (4/4) D:12            Elf (3/3) Orc:3        Vaults (4/5) D:13
  Crypt (0/3) Vaults:3     Depths (3/5) D:15

Altars:
Ashenzari
Cheibriados
Dithmenos
Fedhas
Gozag
Makhleb
Nemelex Xobeh
Okawaru
Qazlal
Ru
Trog
Vehumet
Xom
Yredelemnul
The Shining One
Jiyva

Shops:
D:4 ?   D:6 *   D:10 *   D:11 %   Orc:1 *   Orc:4 ?}?=   Elf:3 [
Lair:1 [*[:::[**=(   Shoals:4 [   Vaults:1 =   Vaults:3 *(%[?

Portals:
Hell: Depths:1 Depths:2 Depths:3
Abyss: Depths:1
Pandemonium: Depths:1 Depths:3

Annotations:
Vaults:3 Mennas


Innate Abilities, Weirdness & Mutations

You do not eat or drink.
Your flesh is vulnerable to fire.
You are immune to poison.
Your flesh is cold resistant.
You are immune to negative energy.
You are immune to unholy pain and torment.
You can survive without breathing.
You are in touch with the powers of death.
You can restore your body by infusing magical energy.


Message History

You barely miss the tengu warrior.
The tengu warrior hits you with a battleaxe!
* * * LOW HITPOINT WARNING * * *
The tengu warrior pecks you but does no damage.
The tengu warrior completely misses you.
You hit the yaktaur captain but do no damage.
The yaktaur captain is heavily wounded.
You miss the tengu warrior. The yaktaur captain hits you!!
* * * LOW HITPOINT WARNING * * *
Unknown command.
You barely miss the yaktaur captain.
The yaktaur captain is heavily wounded.
You completely miss the tengu warrior.
The tengu warrior completely misses you.
The tengu warrior pecks you.
* * * LOW HITPOINT WARNING * * *
The tengu warrior completely misses you.
The yaktaur captain hits you!
You die...
Your body crumbles into a pile of gold.

C.........#.....#
uCC.....#..#....#
[....#..#..##...#
)!......#...##..#
$.}[..
##(######D#
)..LGC#D#...##..#
#.$#..##.$.#
#JC.#.##.((.#
#Q###.##.##@.#
#.# ##...cQ.# #..
#.#.....# #..
#...#...## .# ...
....# .. .....# .
.....## ....##


You could see an ice dragon, a yaktaur captain and a tengu warrior.

Vanquished Creatures
  Mara (D:15)
  Sojobo (Depths:2)
  Norris (Spider:2)
  Saint Roka (Elf:3)
  A caustic shrike (Depths:3)
  Nikola (Shoals:2)
  A bone dragon (Elf:1)
  A Hellbinder (WizLab)
  A lich (Vaults:2)
  Jorgrun (Shoals:2)
  Rupert (Lair:4)
  2 sphinxes (Vaults:3)
  2 deep elf blademasters (Elf:3)
  2 deep elf master archers (Elf:3)
  An Executioner (Abyss:3)
  A kraken (Shoals:3)
  A tentacled starspawn (Abyss:3)
  An eldritch tentacle (Elf:1)
  Frances (Spider:1)
  3 tengu reavers
  A storm dragon (Vaults:2)
  Roxanne (Shoals:3)
  A revenant (Abyss:3)
  Ilsuiw (Shoals:4)
  Donald (Shoals:1)
  2 frost giants
  3 fire giants
  7 ghost moths
  Maud (Lair:3)
  7 deep elf sorcerers
  Louise (Spider:4)
  11 vault wardens
  10 emperor scorpions
  An orc warlord (Orc:3)
  11 ironheart preservers
  A cacodemon (WizLab)
  2 balrugs (WizLab)
  7 stone giants
  2 spriggan defenders (Depths:2)
  A very ugly thing (Depths:3)
  Nessos (D:13)
  8 deep elf annihilators
  9 deep elf demonologists
  A salamander stormcaller (Vaults:2)
  2 green deaths (WizLab)
  A minotaur (Lab)
  Snorg (D:11)
  5 merfolk javelineers
  6 deep elf death magi
  An eidolon (Vaults:3)
  4 ettins
  A crystal guardian (Vaults:2)
  16 merfolk impalers
  4 great orbs of eyes
  2 deep elf high priests (Elf:3)
  Josephine (Lair:3)
  10 vault guards
  7 fire dragons
  6 yaktaur captains
  Fannar (Lair:3)
  2 ice dragons
  A catoblepas (Lair:8)
  3 hell beasts
  10 hydras
  7 rakshasas
  6 entropy weavers
  2 spriggan air magi (Depths:3)
  12 ogre magi
  4 merfolk avatars
  Erica (D:9)
  5 centaur warriors
  2 satyrs (Shoals:2)
  5 merfolk aquamancers
  A caustic shrike simulacrum (Elf:1)
  The ghost of juanjsm the Covert, a journeyman SpVM of Vehumet (Lair:8)
  3 vampire magi
  2 deep troll earth magi
  A deep troll shaman (Lair:8)
  2 tengu warriors
  2 orc high priests
  A queen ant (shapeshifter) (Vaults:4)
  6 death yaks (Lair:8)
  A queen ant (Lair:6)
  A soul eater (Depths:1)
  19 deep elf knights
  5 thrashing horrors (Abyss:3)
  6 spriggan berserkers
  A hell knight (Depths:3)
  2 hell hogs (Abyss:3)
  2 ice devils (WizLab)
  6 wretched stars (Abyss:3)
  3 fire crabs
  4 shadow wraiths
  2 shadow demons (Abyss:3)
  7 skeletal warriors
  3 wizards
  2 spatial maelstroms (Abyss:3)
  4 necromancers
  2 flayed ghosts
  9 sea snakes
  4 giant orange brains
  An unseen horror (D:15)
  16 deep elf summoners
  4 spriggan druids (Depths:2)
  An orange crystal statue (Depths:1)
  A kraken simulacrum (Shoals:4)
  A phantasmal warrior (Vaults:4)
  Pikel (D:4)
  11 ironbrand convokers
  11 deep trolls
  7 hill giants
  17 deep elf conjurers
  The ghost of Sl000nik the Blocker, a novice GrFi of Makhleb (D:6)
  2 lindwurms (Elf:1)
  16 harpies
  19 griffons
  4 orc sorcerers
  31 wolf spiders
  4 worldbinders
  26 ugly things
  7 orc knights
  23 fauns
  14 manticores
  7 hornets
  3 oklob plants (Lair:5)
  3 elephants (Lair:8)
  A griffon (shapeshifter) (Vaults:1)
  7 water nymphs
  9 cyclopes
  13 orb spiders
  7 black mambas
  13 sirens
  10 vault sentinels
  2 rust devils (WizLab)
  A black mamba (shapeshifter) (D:14)
  Joseph (D:9)
  2 molten gargoyles (Elf:1)
  A water nymph (shapeshifter) (Elf:2)
  4 apocalypse crabs (Abyss:3)
  A smoke demon (Abyss:3)
  9 gargoyles
  5 kobold demonologists
  18 spiny frogs
  16 demonic crawlers
  6 komodo dragons
  A queen bee (D:8)
  2 hellions
  2 tormentors (WizLab)
  3 freezing wraiths
  A troll (shapeshifter) (Vaults:1)
  2 fire drakes
  A fire drake (shapeshifter) (D:13)
  51 yaktaurs
  15 trolls
  34 merfolk
  2 red devils (Depths:1)
  5 ancient zymes (Abyss:3)
  A tengu simulacrum (Vaults:2)
  18 deep elf priests
  A jumping spider (shapeshifter) (Vaults:2)
  34 jumping spiders
  2 tengu conjurers
  3 hellwings (Abyss:3)
  A polar bear (shapeshifter) (Vaults:3)
  2 wind drakes
  Grinder (D:3)
  8 boulder beetles
  7 blink frogs
  A raiju (shapeshifter) (Depths:3)
  22 slime creatures
  3 blue devils
  A shadow dragon simulacrum (Elf:1)
  3 spectral elves (Elf:1)
  20 two-headed ogres
  14 trapdoor spiders
  7 ynoxinuls
  8 snapping turtles
  9 wraiths
  A shadow (D:15)
  3 trapdoor spiders (shapeshifter) (Abyss:3)
  34 deep elf magi
  13 spriggans (Depths:2)
  Sigmund (D:5)
  4 hungry ghosts
  A fire bat (Abyss:3)
  47 deep elf fighters
  18 hippogriffs
  45 redbacks
  11 water elementals
  17 tarantellas
  5 basilisks
  4 wyverns
  38 yaks
  A human (shapeshifter) (Depths:3)
  A human simulacrum (Vaults:1)
  12 wargs
  A neqoxec (Abyss:3)
  3 fire elementals
  A mottled dragon (D:15)
  8 vampire mosquitoes
  3 golden eyes (Abyss:3)
  Menkaure (D:4)
  6 insubstantial wisps
  2 chaos spawn (Abyss:3)
  A wolf (shapeshifter) (Vaults:4)
  8 hell hounds
  2 spatial vortices (Elf:1)
  15 soldier ants
  9 wolves
  14 porcupines
  7 large abominations (Abyss:3)
  11 wasps
  6 ice beasts
  17 water moccasins
  2 water moccasins (shapeshifter)
  31 orc warriors
  48 spiders
  3 black bears
  A necrophage (D:10)
  An eye of draining (D:15)
  6 phantoms
  7 small abominations
  2 boggarts (Elf:1)
  A slave (D:4)
  6 sky beasts
  82 ogres
  8 centaurs
  12 crocodiles
  A brain worm (shapeshifter) (Vaults:4)
  A brain worm (D:9)
  5 big kobolds
  27 giant frogs
  3 glowing shapeshifter simulacra
  17 killer bees
  2 wyvern skeletons
  3 elf zombies (Elf:1)
  A water moccasin skeleton (D:4)
  4 scorpions
  A troll zombie (D:12)
  The ghost of Tobisume the Poker, a weakling DsGl (D:3)
  4 wights
  4 electric eels
  A centaur zombie (D:5)
  A lava snake (Elf:1)
  2 quasits
  7 crimson imps
  19 starcursed masses
  9 hounds
  2 jellies
  4 giant frog skeletons
  26 orc priests
  8 centaur skeletons
  4 iguanas
  27 orc wizards
  26 sheep
  5 ogre zombies (D:12)
  69 worker ants
  14 adders
  94 river rats
  A worker ant zombie (D:5)
  5 gnolls (D:2)
  A shadow imp (D:6)
  2 white imps
  An ufetubus (Abyss:3)
  2 oozes
  2 adder skeletons (D:8)
  10 worms
  168 orcs
  6 giant cockroaches
  12 hobgoblins
  10 jackals
  27 kobolds
  6 quokkas
  4 bats
  4 giant geckos
  A giant gecko zombie (D:5)
  7 giant newts
  14 goblins
  2 goblin skeletons (D:12)
  A goblin zombie (D:12)
  A hobgoblin skeleton (D:12)
  2 hobgoblin zombies (D:12)
  3 orc skeletons (D:12)
  10 orc zombies (D:12)
  15 rats
  A bush (Elf:3)
  12 fungi
  2 lurking horrors (Abyss:3)
  2 macabre masses (Elf:1)
  13 plants
  3 tentacles (Shoals:3)
2311 creatures vanquished.

Vanquished Creatures (collateral kills)
  A fire giant (Vaults:3)
  2 emperor scorpions (Abyss:3)
  A deep elf demonologist (Elf:3)
  Azrael (Spider:1)
  A merfolk impaler (Shoals:4)
  A hydra (Lair:4)
  A merfolk aquamancer (Shoals:2)
  A dancing weapon (Elf:2)
  Sonja (Lair:3)
  2 orb spiders (Spider:3)
  A wolf spider (Spider:1)
  2 merfolk (Shoals:2)
  A jumping spider (Spider:4)
  3 deep elf magi (Elf:2)
  A trapdoor spider (Spider:4)
  4 redbacks
  A tarantella (Spider:3)
  2 water elementals (Shoals:2)
  A large abomination (Abyss:3)
  A spider (Spider:3)
  A wasp (Spider:4)
  A small abomination (Abyss:3)
  A worker ant (Abyss:3)
32 creatures vanquished.

Vanquished Creatures (others)
  A fire giant (Depths:3)
  2 merfolk impalers (Shoals:3)
  A fire dragon (Vaults:2)
  12 dancing weapons (Elf:2)
  An ogre mage (Vaults:2)
  A griffon (Shoals:2)
  A vault sentinel (Vaults:2)
  2 yaktaurs
  2 spriggans (Depths:2)
  An orc (D:9)
  2 bushes (Depths:2)
  194 eldritch tentacle segments (Elf:1)
  15 fungi
  21 plants
  93 spectral weapons
  4 starspawn tentacles (Abyss:3)
  85 starspawn tentacle segments (Abyss:3)
  7 tentacles
  140 tentacle segments (Shoals:3)
585 creatures vanquished.

Grand Total: 2928 creatures vanquished

Notes
Turn   | Place    | Note
--------------------------------------------------------------
     0 | D:1      | Alarkh the Mummy Skald began the quest for the Orb.
     0 | D:1      | Reached XP level 1. HP: 16/16 MP: 3/3
   388 | D:1      | Reached XP level 2. HP: 15/22 MP: 0/5
   848 | D:1      | Reached XP level 3. HP: 25/27 MP: 2/6
  1290 | D:2      | Reached skill level 3 in Axes
  1362 | D:2      | Learned a level 2 spell: Song of Slaying
  1366 | D:2      | Learned a level 2 spell: Shroud of Golubria
  1660 | D:2      | Reached XP level 4. HP: 17/33 MP: 3/7
  1820 | D:2      | Found an opulent altar of Gozag.
  1862 | D:2      | Became a worshipper of Gozag Ym Sagoz the Greedy
  2140 | D:2      | Found a burning altar of Makhleb.
  2157 | D:2      | Found a radiant altar of Vehumet.
  2355 | D:2      | Found an iron altar of Okawaru.
  2359 | D:2      | Reached skill level 4 in Axes
  2505 | D:4      | Noticed an ogre
  2514 | D:5      | Entered Level 5 of the Dungeon
  2666 | D:5      | Reached XP level 5. HP: 24/38 MP: 0/8
  2820 | D:5      | Reached skill level 5 in Axes
  2850 | D:5      | Reached XP level 6. HP: 39/44 MP: 0/9
  3109 | D:4      | Noticed Pikel
  3110 | D:4      | Noticed a slave
  3110 | D:4      | Noticed a slave
  3234 | D:3      | Noticed Grinder
  3248 | D:3      | Paralysed by Grinder for 6 turns
  3305 | D:3      | Noticed Tobisume's ghost (weakling DsGl)
  3320 | D:3      | Killed Tobisume's ghost
  3320 | D:3      | Reached skill level 6 in Axes
  3471 | D:3      | Found a shadowy altar of Dithmenos.
  4075 | D:3      | Reached XP level 7. HP: 46/50 MP: 3/10
  4230 | D:2      | Learned a level 3 spell: Spectral Weapon
  4304 | D:3      | Killed Grinder
  4304 | D:3      | Reached skill level 7 in Axes
  4414 | D:3      | Noticed a hippogriff
  4422 | D:3      | Killed a hippogriff
  4841 | D:4      | Found Liusan's Magic Scroll Shoppe.
  4857 | D:4      | Bought a scroll of identify for 22 gold pieces
  4858 | D:4      | Bought 2 scrolls of magic mapping for 77 gold pieces
  4863 | D:4      | Bought a scroll of teleportation for 33 gold pieces
  4863 | D:4      | Bought a scroll of blinking for 82 gold pieces
  4893 | D:4      | Noticed Menkaure
  4908 | D:4      | Noticed a slave
  4911 | D:4      | Noticed a slave
  5173 | D:3      | Killed an ogre
  5173 | D:3      | Reached skill level 8 in Axes
  5173 | D:3      | Reached XP level 8. HP: 56/56 MP: 3/11
  5354 | D:4      | Killed Menkaure
  5532 | D:4      | Noticed Sigmund
  5533 | D:4      | Noticed a phantom
  5634 | D:5      | Noticed an ice beast
  5642 | D:5      | Killed an ice beast
  6180 | D:5      | Killed Sigmund
  6180 | D:5      | Reached skill level 9 in Axes
  6421 | D:4      | Killed Pikel
  6421 | D:4      | Reached skill level 10 in Axes
  6421 | D:4      | Reached XP level 9. HP: 35/61 MP: 7/12
  6425 | D:4      | Killed a freed slave
  6463 | D:4      | Killed a phantom
  6623 | D:6      | Found Uzead's Assorted Antiques.
  6661 | D:6      | Bought a metal-bound book for 465 gold pieces
  6678 | D:6      | Noticed Sl000nik's ghost (novice GrFi)
  6775 | D:6      | Killed Sl000nik's ghost
  7036 | D:6      | Reached skill level 11 in Axes
  7036 | D:6      | Reached skill level 1 in Armour
  7036 | D:6      | Reached skill level 1 in Dodging
  7149 | D:7      | Found a blossoming altar of Fedhas.
  7367 | D:7      | Found a shattered altar of Ashenzari.
  7371 | D:7      | Saw a vision of the Shoals and the Spider Nest.
  7371 | D:7      | Noticed a sea snake
  7371 | D:7      | Noticed a siren
  7371 | D:7      | Noticed a wolf spider
  7373 | D:7      | Noticed a sea snake
  7373 | D:7      | Noticed a sea snake
  7481 | D:7      | Found a basalt altar of Yredelemnul.
  7484 | D:7      | Found a sparkling altar of Nemelex Xobeh.
  7487 | D:7      | Found a shimmering altar of Xom.
  7496 | D:7      | Found a snail-covered altar of Cheibriados.
  7538 | D:7      | Found a staircase to the Ecumenical Temple.
  7656 | D:7      | Noticed a moth of wrath
  7659 | D:7      | Found a bloodstained altar of Trog.
  7798 | D:7      | Found a sacrificial altar of Ru.
  8313 | D:8      | Found a staircase to the Lair.
  8337 | Lair:1   | Entered Level 1 of the Lair of Beasts
  8459 | Lair:1   | Noticed a spiny frog
  8468 | Lair:1   | Killed a spiny frog
  8468 | Lair:1   | Reached XP level 10. HP: 37/70 MP: 2/14
  8572 | Lair:1   | Noticed a spiny frog
  8580 | Lair:1   | Killed a spiny frog
  8637 | Lair:1   | Noticed a spiny frog
  8927 | Lair:1   | Killed a spiny frog
  9019 | Lair:1   | Noticed a fire drake
  9025 | Lair:1   | Killed a fire drake
  9052 | Lair:1   | Noticed a black mamba
  9199 | Lair:1   | Noticed a spiny frog
  9211 | Lair:1   | Killed a spiny frog
  9521 | Lair:1   | Killed a black mamba
  9740 | Lair:2   | Noticed a black mamba
  9747 | Lair:2   | Killed a black mamba
 10404 | Lair:2   | Noticed a black mamba
 10422 | Lair:2   | Killed a black mamba
 10422 | Lair:2   | Reached XP level 11. HP: 30/78 MP: 9/17
 10738 | Lair:2   | Reached skill level 12 in Axes
 11052 | Lair:1   | Bought the +0 mask of the Dragon {MR+ Slay+3 SInv} for 534 gold pieces
 11131 | Lair:3   | Noticed Maud
 11191 | Lair:3   | Found a staircase to the Shoals.
 11204 | Lair:3   | Reached skill level 5 in Fighting
 11210 | Lair:3   | Found a labyrinth entrance.
 11270 | Lab      | Entered a labyrinth
 11681 | Lab      | Noticed a minotaur
 11704 | Lab      | Killed a minotaur
 11724 | Lab      | Identified Cigotuvi's Handbook of Transmutation
 11725 | Lab      | Got an ancient hand crossbow
 11727 | Lab      | Identified a +4 rod of the swarm (9/9) (You found it in a labyrinth)
 11728 | Lab      | Identified a +6 rod of destruction (9/9) (You found it in a labyrinth)
 11816 | Lair:3   | Identified the +1 hand crossbow "Qoudo" {elec, rF- rN+ Int+4 Stlth+} (You found it in a labyrinth)
 11858 | Lair:3   | Found a shimmering altar of Xom.
 11938 | Lair:3   | Killed Maud
 11938 | Lair:3   | Reached skill level 5 in Spellcasting
 11938 | Lair:3   | Reached skill level 1 in Evocations
 11947 | Lair:3   | Noticed Sonja
 12236 | Lair:3   | Noticed Fannar
 12274 | Lair:3   | Killed Sonja
 12288 | Lair:3   | Killed Fannar
 12288 | Lair:3   | Reached skill level 5 in Charms
 13005 | Lair:4   | Reached XP level 12. HP: 63/87 MP: 2/20
 13013 | Lair:4   | Noticed a four-headed hydra
 13043 | Lair:4   | Noticed Josephine
 13047 | Lair:4   | Noticed Rupert
 13156 | Lair:3   | Killed Josephine
 13243 | Lair:4   | Reached skill level 5 in Armour
 13302 | Lair:4   | Killed a four-headed hydra
 13323 | Lair:4   | Killed Rupert
 13323 | Lair:4   | Reached skill level 5 in Dodging
 14313 | Lair:3   | Reached skill level 13 in Axes
 14409 | Lair:5   | Found a hole to the Spider Nest.
 15328 | Lair:6   | Reached skill level 1 in Stealth
 15373 | Lair:6   | Found a viscous altar of Jiyva.
 15375 | Lair:6   | Found a staircase to the Slime Pits.
 15465 | Lair:6   | Gained mutation: You are in touch with the powers of death. [Mummy growth]
 15465 | Lair:6   | Gained mutation: You can restore your body by infusing magical energy. [Mummy growth]
 15465 | Lair:6   | Reached XP level 13. HP: 55/96 MP: 12/21
 17232 | Lair:8   | Entered Level 8 of the Lair of Beasts
 17237 | Lair:8   | Reached skill level 5 in Evocations
 17334 | Lair:8   | Noticed juanjsm's ghost (journeyman SpVM)
 17709 | Lair:1   | Bought a glowing garnet ring for 125 gold pieces
 17709 | Lair:1   | Bought a twisted silver wand for 100 gold pieces
 17709 | Lair:1   | Bought a wand of heal wounds for 600 gold pieces
 17713 | Lair:1   | Bought a scroll of identify for 50 gold pieces
 18488 | D:9      | Noticed Joseph
 18499 | D:9      | Killed Joseph
 18656 | D:9      | Found a glowing golden altar of the Shining One.
 18815 | D:9      | Got a shimmering leather armour
 18838 | D:9      | Identified the cursed +0 leather armour "Puriqef" {rPois rN+ MR-} (You found it on level 9 of the Dungeon)
 18989 | D:9      | Noticed Erica
 18997 | D:9      | Killed Erica
 19063 | D:9      | Got a polished broad axe
 19064 | D:9      | Identified the +7 broad axe "Zoceis" {flame, +Inv rN+ Dex+4} (You found it on level 9 of the Dungeon)
 19127 | D:9      | Found an iron altar of Okawaru.
 19393 | D:10     | Entered Level 10 of the Dungeon
 19965 | D:10     | Found Ijuat's General Store.
 19973 | D:10     | Bought a +1 ring mail of fire resistance for 224 gold pieces
 20681 | D:11     | Noticed Snorg
 20688 | D:11     | Killed Snorg
 20762 | D:11     | Found a sparkling altar of Nemelex Xobeh.
 20820 | D:11     | Reached skill level 14 in Axes
 20932 | D:11     | Found Egon's Food Shop.
 21038 | D:11     | Reached XP level 14. HP: 83/106 MP: 22/22
 21757 | D:12     | Found a staircase to the Orcish Mines.
 22426 | Orc:1    | Entered Level 1 of the Orcish Mines
 22433 | Orc:1    | Found Iadgh's Incredible Inventory.
 23463 | Orc:3    | Found a staircase to the Elven Halls.
 23583 | Orc:4    | Entered Level 4 of the Orcish Mines
 23920 | Orc:3    | Noticed an orc warlord
 24169 | Orc:3    | Killed an orc warlord
 24973 | Orc:4    | Reached skill level 5 in Stealth
 25334 | Orc:4    | Found Gaguagac's Gadget Shoppe.
 25616 | Orc:4    | Found Yfalop's Magic Scroll Shoppe.
 25618 | Orc:4    | Found Pafe's Magic Scroll Shop.
 25626 | Orc:4    | Bought a scroll of blinking for 112 gold pieces
 25629 | Orc:4    | Found Qefomali's Jewellery Emporium.
 25632 | Orc:4    | Bought a scroll of teleportation for 30 gold pieces
 25637 | Orc:4    | Bought an uncursed amulet of regeneration for 360 gold pieces
 26434 | D:4      | Bought a scroll of enchant armour for 82 gold pieces
 26434 | D:4      | Bought a scroll of identify for 22 gold pieces
 26434 | D:4      | Bought a scroll of identify for 22 gold pieces
 26434 | D:4      | Bought a scroll of identify for 22 gold pieces
 26434 | D:4      | Identified a scroll of acquirement
 26553 | Lair:1   | Bought a bloodstained helmet for 199 gold pieces
 26553 | Lair:1   | Bought an embroidered cloak for 94 gold pieces
 26563 | Lair:1   | Identified the +2 helmet of Defiance {Str+4} (You bought it in a shop on level 1 of the Lair of Beasts)
 26593 | Lair:1   | Got a pair of polished gloves
 26604 | Lair:1   | Identified the +0 pair of gloves "Xivymits" {MR+ Stlth+} (You acquired it on level 1 of the Lair of Beasts)
 27115 | Lair:8   | Killed juanjsm's ghost
 27522 | Lair:8   | Reached XP level 15. HP: 99/114 MP: 14/23
 28445 | D:13     | Found a gate to the Vaults.
 28485 | D:13     | Found a basalt altar of Yredelemnul.
 28652 | D:13     | Noticed Nessos
 28851 | D:13     | Killed Nessos
 29325 | D:14     | Reached skill level 15 in Axes
 29382 | D:14     | Found a stormy altar of Qazlal.
 29923 | D:14     | Found a portal to a secret trove of treasure.
 30303 | D:14     | You paid a toll of a wand of heal wounds (9) to enter a treasure trove
 30304 | Trove    | Entered a treasure trove
 30327 | Trove    | Got a polished hat
 30329 | Trove    | Got a pearl-studded crystal plate armour
 30332 | Trove    | Got a pair of bloodstained gloves
 30336 | Trove    | Got a faintly humming shield
 30341 | Trove    | Got a shimmering buckler
 30345 | Trove    | Got a topaz-encrusted scale mail
 30351 | Trove    | Got a faintly glowing chain mail
 30378 | Trove    | Identified the +0 hat "Adonwana" {+Fly Int-5 Dex+2} (You found it in a treasure trove)
 30388 | Trove    | Identified the +2 pair of gloves of the Game of Kings {MR+ Dex+7 Slay+3} (You found it in a treasure trove)
 30393 | Trove    | Identified the +0 buckler of the Five Blessings {rElec rF- rN+++ Int+2} (You found it in a treasure trove)
 30403 | Trove    | Identified the +4 shield "Qistreol" {rElec rF+ Int-5 Slay+3} (You found it in a treasure trove)
 30457 | D:14     | Identified the +10 crystal plate armour of Vehumet's Esteem {rF+ rC- Dex+4 Stlth+} (You found it in a treasure trove)
 30467 | D:14     | Identified the +5 scale mail "Tise Gum" {rPois rF+ MP+9 Dex+3} (You found it in a treasure trove)
 30477 | D:14     | Identified the +4 chain mail of Koedaov {+Inv Str+7 Dex+3} (You found it in a treasure trove)
 30717 | D:15     | Entered Level 15 of the Dungeon
 30906 | D:15     | Reached skill level 10 in Fighting
 31400 | D:15     | Found a staircase to the Depths.
 32015 | Shoals:1 | Entered Level 1 of the Shoals
 32125 | Shoals:1 | Noticed Donald
 32131 | Shoals:1 | Killed Donald
 32131 | Shoals:1 | Reached XP level 16. HP: 120/122 MP: 22/25
 33119 | Shoals:2 | Noticed Nikola
 34188 | Shoals:2 | Noticed Jorgrun
 34198 | Shoals:2 | Killed Jorgrun
 34237 | Shoals:2 | Killed Nikola
 35177 | Shoals:3 | Noticed Roxanne
 36099 | Shoals:4 | Entered Level 4 of the Shoals
 36154 | Shoals:4 | Noticed Ilsuiw
 36286 | Shoals:4 | Found Forchyuz's Antique Armour Emporium.
 36301 | Shoals:4 | Killed Ilsuiw
 36321 | Shoals:4 | Reached skill level 16 in Axes
 36328 | Shoals:4 | Reached XP level 17. HP: 57/131 MP: 28/28
 37262 | Shoals:3 | Killed Roxanne
 37790 | Shoals:4 | Got a barnacled rune of Zot
 38699 | Spider:1 | Entered Level 1 of the Spider Nest
 38807 | Spider:1 | Learned a level 9 spell: Tornado
 38814 | Spider:1 | Learned a level 6 spell: Deflect Missiles
 39015 | Spider:1 | Reached skill level 1 in Air Magic
 39109 | Spider:1 | Noticed Azrael
 39143 | Spider:2 | Noticed Norris
 39259 | Spider:1 | Noticed Frances
 39410 | Spider:1 | Killed Frances
 39537 | Spider:1 | Killed Azrael
 40150 | Spider:2 | Killed Norris
 40469 | Spider:3 | Reached XP level 18. HP: 105/140 MP: 21/30
 41421 | Spider:4 | Entered Level 4 of the Spider Nest
 41427 | Spider:4 | Noticed Louise
 41441 | Spider:4 | Killed Louise
 41959 | Spider:4 | Reached skill level 17 in Axes
 42199 | Spider:4 | Reached skill level 5 in Air Magic
 42723 | Spider:4 | Got a gossamer rune of Zot
 43205 | Lair:1   | Learned a level 4 spell: Airstrike
 43218 | Lair:1   | Bought the +3 salamander hide armour {+Rage rF++} for 630 gold pieces
 43415 | Vaults:1 | Entered Level 1 of the Vaults
 43761 | Vaults:1 | Found Tubbiacuem's Jewellery Boutique.
 43766 | Vaults:1 | Bought an uncursed amulet of clarity for 400 gold pieces
 43985 | Vaults:1 | Got a translucent leather armour
 43996 | Vaults:1 | Identified the +1 leather armour of the Falcon {rElec rPois rF++} (You found it on level 1 of the Vaults)
 44554 | Shoals:4 | Got a pair of shimmering gloves
 44565 | Shoals:4 | Identified the +1 pair of gloves "Fenusch" {Str+2} (You found it on level 4 of the Shoals)
 45305 | Vaults:1 | Reached XP level 19. HP: 116/146 MP: 30/32
 45773 | Vaults:2 | Found a magical portal.
 45787 | WizLab   | Entered The Hall of Icosmerph the Hellbinder
 45804 | WizLab   | Reached skill level 10 in Spellcasting
 46648 | WizLab   | Found a burning altar of Makhleb.
 46671 | WizLab   | Identified Mnoleg's Catalogue of Summoning
 46701 | WizLab   | Identified the Volume of the Entourage
 46742 | WizLab   | Identified a +0 rod of shadows (12/12) (You found it in a wizard's laboratory)
 46841 | Vaults:2 | Learned a level 5 spell: Aura of Abjuration
 46843 | Vaults:2 | Learned a level 1 spell: Summon Butterflies
 47462 | Vaults:2 | Reached skill level 1 in Summonings
 48266 | Vaults:2 | Got a shimmering leather armour
 48277 | Vaults:2 | Identified the +1 leather armour of Lethargy {+Fly rElec rN+ Int+2} (You took it off a vault sentinel on level 2 of the Vaults)
 48353 | Vaults:2 | Reached skill level 18 in Axes
 49168 | Vaults:3 | Noticed Mennas
 49196 | Vaults:3 | Found a staircase to the Crypt.
 49457 | Vaults:3 | Found Impey's Armour Boutique.
 49471 | Vaults:3 | Bought the cursed -5 robe of Misfortune {-Cast *Contam *Tele EV-4 Str-2 Int-2 Dex-2 Stlth-- *Curse} for 1 gold piece
 49488 | Vaults:3 | Found Fecalum's Magic Scroll Boutique.
 49502 | Vaults:3 | Bought a scroll of enchant armour for 120 gold pieces
 49502 | Vaults:3 | Bought a scroll of teleportation for 48 gold pieces
 49502 | Vaults:3 | Bought a scroll of teleportation for 48 gold pieces
 49502 | Vaults:3 | Bought a scroll of teleportation for 48 gold pieces
 49622 | Vaults:3 | Reached skill level 10 in Charms
 49729 | Vaults:3 | Found Qiekk's Food Shoppe.
 49818 | Vaults:3 | Reached XP level 20. HP: 153/153 MP: 34/34
 50381 | Lair:1   | Bought a scroll of identify for 72 gold pieces
 50381 | Lair:1   | Bought a scroll of identify for 72 gold pieces
 51149 | Vaults:3 | Found Ciwocani's Assorted Antiques.
 51191 | Vaults:3 | Found Fikuijio's Antique Weapon Shop.
 51220 | Vaults:3 | Bought a scroll labeled HIUGYR OLIROJA for 26 gold pieces
 51220 | Vaults:3 | Bought a scroll of enchant armour for 195 gold pieces
 51807 | Vaults:4 | Reached skill level 10 in Air Magic
 53187 | Elf:1    | Entered Level 1 of the Elven Halls
 53666 | Elf:1    | Identified the Incunabulum of Fiery Confrontation
 53804 | Elf:1    | Reached skill level 5 in Summonings
 53850 | Elf:1    | Reached XP level 21. HP: 159/159 MP: 36/36
 54022 | Elf:1    | Identified the Catalogue of the Hurtful Arsonist
 54367 | Elf:1    | Identified the Disquisition on Helpful Displacement
 54370 | Elf:1    | Learned a level 1 spell: Apportation
 54463 | Elf:1    | Identified the Papyrus of the Escort
 54502 | Elf:1    | Reached skill level 19 in Axes
 55180 | Elf:1    | Identified the Reference Book on Black Rites and Aid (You found it on level 1 of the Elven Halls)
 55813 | Elf:2    | Found a runed gate.
 55904 | Elf:2    | Found a runed gate.
 55907 | Elf:2    | Found a runed gate.
 56202 | Elf:2    | Cast into the Abyss (eveningstar of distortion)
 56490 | Abyss:3  | Identified Raeh's Papyrus of Attacks and Feathers
 56657 | Abyss:3  | Got an abyssal rune of Zot
 57377 | Abyss:3  | Found a corrupted altar of Lugonu.
 57386 | Abyss:3  | Found a corrupted altar of Lugonu.
 57699 | Abyss:3  | Got a pair of ichor-stained gloves
 58072 | Elf:2    | Escaped the Abyss
 58975 | Elf:3    | Entered Level 3 of the Elven Halls
 59215 | Elf:3    | Noticed Saint Roka
 59317 | Elf:3    | Identified the +2 pair of gloves of Charity {rN++} (You found it on level 3 of the Abyss)
 59576 | Elf:3    | Killed Saint Roka
 59576 | Elf:3    | Reached XP level 22. HP: 129/165 MP: 33/38
 59602 | Elf:3    | Identified Dutol's Papyrus of Warped Calling (You found it on level 3 of the Elven Halls)
 59717 | Elf:3    | Found Pitur's Armour Shop.
 59775 | Elf:3    | Identified the Almanac of Calling
 60208 | Elf:3    | Got a sparkling bone ring
 60210 | Elf:3    | Identified the ring "Pobroh" {+Inv rPois} (You took it off a deep elf annihilator on level 3 of the Elven Halls)
 61948 | Elf:3    | Got a faintly glowing brass ring
 62022 | Elf:3    | Identified the ring of Yendor {+/*Tele Str+2 Dex+2} (You found it on level 3 of the Elven Halls)
 62426 | Lair:1   | Bought a slimy battleaxe for 333 gold pieces
 62426 | Lair:1   | Bought a smoking battleaxe for 333 gold pieces
 62426 | Lair:1   | Identified the +6 battleaxe of Jyteysye {antimagic, +Fly rC+++ MR- Str-3} (You bought it in a shop on level 1 of the Lair of Beasts)
 62427 | Lair:1   | Identified the +7 battleaxe of the Spinneret {vamp, rPois rF+ MR+ Int+4} (You bought it in a shop on level 1 of the Lair of Beasts)
 62682 | Depths:1 | Entered Level 1 of the Depths
 62842 | Depths:1 | Found a gateway to Hell.
 62854 | Depths:1 | Noticed Mara
 62864 | Depths:1 | Noticed Alarkh's illusion
 63147 | Depths:2 | Noticed Sojobo
 63159 | Depths:2 | Killed Sojobo
 63430 | Depths:2 | Found a glowing golden altar of the Shining One.
 63883 | Depths:1 | Noticed Alarkh's illusion
 64066 | D:15     | Killed Mara
 64103 | Depths:1 | Found a one-way gate leading to the halls of Pandemonium.
 64107 | Depths:1 | Reached skill level 20 in Axes
 64766 | Depths:1 | Found a one-way gate to the infinite horrors of the Abyss.
 65100 | Depths:3 | Reached XP level 23. HP: 161/171 MP: 40/40
 65322 | Depths:3 | HP: 4/171 [yaktaur captain (20)]
 65323 | Depths:3 | Mangled by a yaktaur captain

Action                   |  1- 3 |  4- 6 |  7- 9 | 10-12 | 13-15 | 16-18 | 19-21 | 22-24 || total
-------------------------+-------+-------+-------+-------+-------+-------+-------+-------++-------
Melee: Hand axe          |   155 |     4 |       |       |       |       |       |       ||   159
       Broad axe         |       |   199 |   277 |   394 |  1276 |  1253 |  1800 |   178 ||  5377
       Staff             |       |       |       |       |       |     2 |       |       ||     2
       Battleaxe         |       |       |       |       |       |       |       |   501 ||   501
 Fire: Blowgun           |       |       |       |     6 |     8 |       |       |       ||    14
 Cast: Infusion          |    23 |    30 |    50 |    31 |     7 |     1 |       |       ||   142
       Shroud of Golubri |       |    13 |    29 |    35 |    30 |    10 |     7 |     3 ||   127
       Spectral Weapon   |       |       |     6 |    55 |   101 |    71 |    63 |    19 ||   315
       Song of Slaying   |       |       |       |       |     1 |     6 |       |       ||     7
       Deflect Missiles  |       |       |       |       |       |       |     7 |     2 ||     9
       Airstrike         |       |       |       |       |       |       |     9 |       ||     9
       Apportation       |       |       |       |       |       |       |     3 |       ||     3
       Aura of Abjuratio |       |       |       |       |       |       |       |     5 ||     5
Invok: Potion Petition   |       |     1 |       |       |     2 |     2 |     3 |       ||     8
       Call Merchant     |       |       |       |     1 |     5 |     1 |     2 |     2 ||    11
 Abil: Evoke Invisibilit |       |       |       |       |       |     1 |       |       ||     1
Evoke: Wand              |       |       |     3 |     1 |     1 |     2 |    15 |     8 ||    30
       Rod               |       |       |       |     5 |     7 |    21 |     2 |     2 ||    37
       Phial of floods   |       |       |       |     2 |     1 |     3 |     2 |     1 ||     9
       Deck              |       |       |       |       |     1 |     1 |     8 |       ||    10
  Use: Scroll            |       |     5 |    11 |    16 |    19 |    13 |    26 |     6 ||    96
 Stab: Distracted        |       |     1 |     1 |     8 |    28 |    37 |    48 |    15 ||   138
       Sleeping          |       |       |     1 |       |    18 |    12 |    31 |    10 ||    72
       Invisible         |       |       |       |       |     9 |     5 |     1 |       ||    15
       Petrified         |       |       |       |       |     2 |       |       |       ||     2
